[Event "Vezerkepzo GM May 2022"]
[Site "Budapest"]
[Date "2022.05.20"]
[Round "4.5"]
[White "Mazur, Stefan"]
[Black "Aveskulov, Valeriy"]
[Result "1-0"]
[ECO "C67"]
[WhiteElo "2423"]
[BlackElo "2531"]
[Annotator "TA"]
[PlyCount "55"]
[EventDate "2022.05.18"]
[EventType "tourn"]
[EventCountry "HUN"]
[SourceTitle "playchess.com"]
[Source "ChessBase"]
[SourceQuality "1"]
[TimeControl "5400+30"]

1. e4 e5 2. Nf3 Nc6 3. Bb5 Nf6 4. O-O Nxe4 5. Re1 Nd6 6. a4 {[%emt 0:00:22] C67: Ruy Lopez: Berlin Defence: 4 0-0 Nxe4.} Be7 7. Nc3 {[%emt 0:00:26] Prevents e4.} a6 8. Bf1 {[%emt 0:02:37] The position is equal.} O-O {[%emt 0:02:23] [#]} 9. Nxe5 $146 ({Predecessor:} 9. d4 e4 10. Nxe4 Nxe4 11. Rxe4 d5 12. Re1 Bf5 13. c3 h6 14. a5 Be4 15. Nd2 {½-½ (33) Shuvalova,P (2516)-Lagno,K (2550) Warsaw 2021}) 9... Nf5 10. Nd5 Bc5 (10... Nxe5 $11 11. Rxe5 d6 12. Nxe7+ Nxe7) 11. Nf3 $16 Nce7 12. d4 Bd6 13. Nc3 {[%emt 0:16:29] White is more active.} (13. Qd3 $16) 13... Bb4 $1 $11 14. g4 $36 {[%emt 0:03:46][%mdl 2048] White has some pressure.} Bxc3 ({Better is} 14... Nh6 $14) 15. bxc3 $16 Nd6 16. Ba3 f5 $2 {[%emt 0:07:11] [#] Loses the game.} (16... b6 $16) 17. Bc4+ $1 $18 Kh8 (17... Nxc4 18. Bxe7) 18. Ng5 b6 19. Bxd6 cxd6 20. Nf7+ Rxf7 21. Bxf7 Bb7 22. Qe2 Nd5 (22... Ng8 {was worth a try.} 23. Qd3 Be4) 23. Qe8+ Qxe8 24. Rxe8+ ({Less strong is} 24. Bxe8 Nf6 $18) 24... Rxe8 25. Bxe8 Nf6 26. Re1 g5 {[%emt 0:02:27] [#]} 27. Bxd7 $1 Nxd7 (27... fxg4 28. Bf5) 28. Re8+ {[%emt 0:00:04] Weighted Error Value: White=0.22 (precise) /Black=0.49} 1-0

[Event "Vezerkepzo GM May 2022"]
[Site "Budapest"]
[Date "2022.05.21"]
[Round "5.1"]
[White "Aveskulov, Valeriy"]
[Black "Turzo, Attila"]
[Result "1-0"]
[ECO "B31"]
[WhiteElo "2531"]
[BlackElo "2338"]
[Annotator "TA"]
[PlyCount "119"]
[EventDate "2022.05.18"]
[EventType "tourn"]
[EventCountry "HUN"]
[SourceTitle "playchess.com"]
[Source "ChessBase"]
[SourceQuality "1"]
[TimeControl "5400+30"]

1. e4 c5 2. Nf3 Nc6 3. Bb5 g6 4. O-O Bg7 5. Re1 e5 6. b4 cxb4 7. a3 Nge7 8. axb4 O-O 9. Bb2 d5 {[%emt 0:08:02] B31: Sicilian: 2...Nc6 3 Bb5 g6.} 10. exd5 Nd4 11. Nxd4 exd4 {[%emt 0:00:22] The position is equal.} 12. Bc4 Nxd5 {[%emt 0:01:25] [#]} 13. b5 $146 ({Predecessor:} 13. Qf3 Nb6 14. Bb3 Qg5 15. Ra5 Qg4 16. Qxg4 Bxg4 17. f3 Bd7 18. Na3 a6 19. Rc5 {0-1 (53) Binham,T (2340)-Rikkonen,J Helsinki 1978}) 13... Be6 14. d3 a5 15. bxa6 bxa6 (15... b5 $5 16. Bxd5 (16. Bxb5 Qb6 $17) 16... Bxd5 $11) 16. Nd2 a5 17. Qf3 (17. Ne4 $5 ) 17... Qb6 (17... Nb4 $11 {keeps the balance.} 18. Bxe6 fxe6) 18. Ba3 $1 $16 ({Of course not} 18. Bxd5 $6 Bxd5 19. Qxd5 Qxb2 $11) 18... Rfd8 19. Rab1 (19. Ne4 $142 $1) 19... Qc7 20. Rb5 (20. g3 $1 $16) 20... Qf4 $1 $14 21. Qxf4 Nxf4 22. Bxe6 (22. g3 $5 Nd5 23. Nb3 $14) 22... Nxe6 23. Nc4 a4 24. Bd6 Ra6 25. Be7 Re8 26. Bb4 Rc8 27. Ra1 Bf8 28. Bxf8 Kxf8 29. g3 Kg7 30. h4 Rc5 (30... Rca8 $11 {remains equal.}) 31. Rb4 $16 a3 32. Rb3 h5 33. Raxa3 Rxa3 34. Rxa3 {[%emt 0:00:03][%mdl 4096] Endgame KRN-KRN} Rc7 35. Kg2 f5 (35... Nd8 $16 36. Ra4 Ne6) 36. Ra6 $18 Kf6 37. f4 Rb7 38. Rc6 Rb1 39. Ne5 Rd1 40. Nf3 Ke7 41. Kf2 Rc1 42. Ke2 Rh1 43. Kf2 Rc1 44. Ne5 Kf6 {[%emt 0:02:06] [#]} 45. Nxg6 $1 Kxg6 46. Rxe6+ {[%emt 0:00:07] KR-KR} Kg7 (46... Kf7 $142 47. Rd6 Rxc2+ 48. Kf3 Rh2 49. Rxd4 Ra2) 47. Rc6 Rh1 48. c4 Rh2+ $2 {[%emt 0:01:49] [#]} (48... dxc3 49. Rxc3 Rh2+ 50. Ke1 Rh1+ 51. Kd2 Rh2+ 52. Kc1 Kf7) 49. Ke1 $1 {[%emt 0:00:21] White is clearly winning.} Rh1+ 50. Kd2 {[%emt 0:00:24] Threatens to win with Kc2.} Rh2+ 51. Kd1 Rh1+ {[%emt 0:00:05] [#]} 52. Kc2 $1 Rh2+ 53. Kb3 Rd2 54. c5 {[%emt 0:00:07][%cal Bc4c5,Bc5c6][%mdl 32] Rd6 is the strong threat.} Rxd3+ 55. Kc4 Rxg3 56. Rd6 Kf7 57. c6 Ke7 58. Rxd4 Rg1 59. Kc5 Rc1+ 60. Kb6 {[%emt 0:00:04] Weighted Error Value: White=0.18 (very precise) /Black=0.29 (precise)} 1-0

[Event "Vezerkepzo GM May 2022"]
[Site "Budapest"]
[Date "2022.05.21"]
[Round "5.2"]
[White "Fule, Simon"]
[Black "Mazur, Stefan"]
[Result "0-1"]
[ECO "C47"]
[WhiteElo "2297"]
[BlackElo "2423"]
[Annotator "TA"]
[PlyCount "78"]
[EventDate "2022.05.18"]
[EventType "tourn"]
[EventCountry "HUN"]
[SourceTitle "playchess.com"]
[Source "ChessBase"]
[SourceQuality "1"]
[TimeControl "5400+30"]

1. e4 e5 2. Nf3 Nc6 3. Nc3 Nf6 4. Be2 d5 5. exd5 Nxd5 6. O-O Nxc3 7. bxc3 Bd6 {[%emt 0:00:17] C47: Scotch Four Knights and Four Knights with 4 g3.} (7... e4 $5 8. Ne1 Bd6 $11) 8. d4 O-O 9. Re1 h6 {[%emt 0:06:13] Prevents Bg5. The position is equal.} 10. h3 {[%emt 0:00:51] [#]} e4 $146 {[%emt 0:04:20] Prevents Bd3.} ({Predecessor:} 10... Bf5 11. Rb1 Rb8 12. Be3 exd4 13. Nxd4 Nxd4 14. cxd4 Qf6 15. Bd3 Bxd3 16. Qxd3 b6 {1-0 (53) Lagno,K (2556)-Pogonina,N (2465) Khanty-Mansiysk 2018}) 11. Nd2 Qh4 12. Bc4 Bf5 13. Rb1 Na5 14. Rb5 Nxc4 15. Nxc4 Bg6 (15... Qf6 $11) 16. Nxd6 cxd6 17. Rxb7 f5 18. Ba3 Qf6 19. f4 Rf7 20. Rb3 Rc7 21. Qd2 Re8 22. Re3 Bf7 23. Rb2 (23. d5 $11) 23... Bd5 {[%emt 0:03:57][%mdl 1024] Black has compensation.} 24. Rb5 Bc4 25. Ra5 Rb7 26. Bb4 (26. d5 $1 $11 {remains equal.}) 26... d5 $17 27. Kh2 Kh7 28. g3 g5 {[%emt 0:02:24] Hoping for ...gxf4.} 29. Qf2 Rg7 {[%emt 0:00:08] Black is more active.} 30. a3 Reg8 31. Rc5 {[%emt 0:00:24] [#]} h5 ({Better is} 31... Rf7 $1 $17) 32. fxg5 $2 {[%emt 0:00:40][%mdl 8192] This move loses the game for White.} (32. Ba5 $1 $11 {and White stays safe.}) 32... Qxg5 $19 {[%emt 0:00:49][%cal Of5f4] Threatens to win with ...f4!} 33. h4 Qg4 {[%emt 0:00:30][%cal Of5f4] aiming for ...f4!} 34. Ba5 $2 {[%emt 0:00:43] [#]} (34. Rxc4 $19 f4 35. gxf4 (35. Qxf4 Qxf4 36. gxf4 Rg2+ 37. Kh1 dxc4 $19)) 34... f4 $1 {[%emt 0:01:21] Black mates.} 35. gxf4 Qg2+ 36. Qxg2 Rxg2+ 37. Kh1 Rg1+ 38. Kh2 R8g2+ 39. Kh3 Bf1 {[%emt 0:00:08] Weighted Error Value: White=0.44/Black=0.08 (flawless)} 0-1

[Event "Vezerkepzo GM May 2022"]
[Site "Budapest"]
[Date "2022.05.21"]
[Round "5.3"]
[White "Dudin, Gleb"]
[Black "Karavade, Eesha"]
[Result "1-0"]
[ECO "D38"]
[WhiteElo "2473"]
[BlackElo "2348"]
[Annotator "TA"]
[PlyCount "67"]
[EventDate "2022.05.18"]
[EventType "tourn"]
[EventCountry "HUN"]
[SourceTitle "playchess.com"]
[Source "ChessBase"]
[SourceQuality "1"]
[TimeControl "5400+30"]

1. d4 d5 2. c4 e6 3. Nf3 Nf6 4. Nc3 Bb4 5. Qa4+ Nc6 6. a3 Bxc3+ 7. bxc3 Bd7 8. cxd5 $1 {[%emt 0:01:06] 8.cxd5 is better than 8.Qc2. D38: Queen's Gambit Declined: Ragozin Defence (4 Nf3 Bb4).} exd5 9. Qc2 h6 10. Bf4 {[%emt 0:00:41] The position is equal.} O-O 11. e3 Na5 12. Bd3 Re8 13. O-O {[%emt 0:02:27] [#]} Rc8 $146 ({Predecessor:} 13... Ne4 14. Ne5 Nf6 15. f3 c5 16. Nxd7 Qxd7 17. Be5 Qe6 18. Rae1 Rac8 19. Bf5 Qc6 20. Bxc8 Rxc8 {1-0 (32) Tomaszewski,K (2312)-Bobinski,A Katowice 2020}) 14. Ne5 Be6 15. h3 c5 16. Qb2 Ne4 17. f3 Nd6 18. Rae1 cxd4 19. cxd4 f6 20. Ng4 h5 (20... Nac4 $15 21. Qe2 Nf5) 21. Nf2 (21. Bxd6 $5 Qxd6 22. Nf2 $11) 21... Nac4 {[%emt 0:01:13] Pair of Knights!} 22. Qa2 Bf7 23. a4 Qa5 24. Re2 a6 (24... g5 $5 25. Bg3 a6 $11) 25. Rb1 b5 26. axb5 {[%emt 0:00:32] [#] Strongly threatening Qxa5.} Qxa2 27. Rxa2 Nxb5 (27... axb5 $14 28. h4 Red8) 28. Rxa6 $16 Nc3 (28... Nc7 $16 29. Ra7 Ne6) 29. Rb3 $18 Nxe3 30. Ra7 {[%emt 0:00:49] [#] Rbb7 is the strong threat.} Ned1 $2 {[%emt 0:03:21][%mdl 8192] Loses the game.} (30... Nc2 $16) 31. Nxd1 Nxd1 32. Rbb7 Re1+ 33. Kh2 Nf2 34. Rxf7 {[%emt 0:00:47] Weighted Error Value: White=0.07 (flawless) /Black=0.46} 1-0

[Event "Vezerkepzo GM May 2022"]
[Site "Budapest"]
[Date "2022.05.22"]
[Round "6.1"]
[White "Turzo, Attila"]
[Black "Pacher, Milan"]
[Result "0-1"]
[ECO "D97"]
[WhiteElo "2338"]
[BlackElo "2394"]
[Annotator "TA"]
[PlyCount "86"]
[EventDate "2022.05.18"]
[EventType "tourn"]
[EventCountry "HUN"]
[SourceTitle "playchess.com"]
[Source "ChessBase"]
[SourceQuality "1"]
[TimeControl "5400+30"]

1. d4 Nf6 2. c4 g6 3. Nc3 d5 4. Nf3 Bg7 5. Qb3 dxc4 6. Qxc4 O-O 7. e4 Nc6 8. Be2 e5 $1 {[%emt 0:00:04][%cal Re5d4][%mdl 4] is more profitable than 8...Bg4 at the moment. D97: Grünfeld: Russian System: 7 e4, replies other than 7...Bg4.} 9. dxe5 (9. d5 $5 Ne7 10. O-O $14) 9... Ng4 10. O-O Ngxe5 {[%emt 0:00:08] The position is equal.} 11. Nxe5 Nxe5 12. Qb3 c6 {[%emt 0:02:45] [#]} 13. Kh1 $146 ({Predecessor:} 13. Be3 Qe7 14. Rad1 Be6 15. Qc2 Nc4 16. Bd4 Rfd8 17. Bxg7 Kxg7 18. b3 Ne5 19. Na4 {½-½ (41) Iotov,V (2569)-Sarkar,J (2452) Dallas 2014}) 13... b5 14. a4 (14. Qc2 $11 {keeps the balance.}) 14... Be6 $17 15. Qc2 b4 16. Nd1 b3 17. Qc5 (17. Qc3 $15) 17... Nd3 18. Qe3 Nb4 {[%emt 0:02:10] Black is much more active.} 19. Qg3 {[%emt 0:01:53] [#]} ({Better is} 19. Rb1) 19... Nc2 (19... Qd4 $142 $1 20. Qf4 Nc2) 20. Rb1 Nd4 21. Bd3 c5 {[%emt 0:00:35] Hoping for ...c4.} 22. Ne3 {[%emt 0:01:00] Against c4} Rc8 $36 {[%emt 0:03:43][%mdl 2048] Black has good play.} 23. Nc4 Qd7 24. Bf4 Qxa4 25. Ra1 Qd7 26. Bd6 (26. Rfd1 $15) 26... Rfd8 {[%emt 0:00:43] White must now prevent ...Bxc4.} 27. e5 Nb5 28. Rfd1 (28. f4 $17) 28... Nxd6 $19 29. exd6 Rb8 ({Not} 29... Bxc4 30. Bxc4 Rb8 31. Ra3 $17) 30. Ra6 $2 (30. Qg5) 30... Bxc4 (30... Qb5 $142 31. Ra5 Qb4) 31. Bxc4 Bxb2 {[%emt 0:00:08] Strongly threatening ...Rb4.} 32. Rb1 $2 (32. Qf3 {was necessary.}) 32... Bd4 33. Rxb3 Qf5 {[%emt 0:00:07][%cal Of5b1] ( -> ...Qb1+!)} 34. h3 Be5 35. f4 Bxf4 $2 (35... Rxb3 36. Bxb3 Qb1+ 37. Kh2 Bd4) 36. Qe1 (36. Qf3 Rxb3 37. Bxb3) 36... Rxb3 37. Bxb3 Bxd6 38. Rxa7 c4 39. Bxc4 {[%emt 0:00:30] [#]} Qf4 40. Bxf7+ Kh8 41. g3 (41. Qg1 $142 Rc8 42. Ra1 Qxf7 43. Qd4+ Qg7 44. Qxg7+ Kxg7 45. Rg1) 41... Qf3+ 42. Kh2 {[%emt 0:00:07] [#]} Bxg3+ $1 43. Qxg3 (43. Kg1 Bf2+) 43... Rd2+ {[%emt 0:00:02] Weighted Error Value: White=0.80/Black=0.31} 0-1

[Event "Vezerkepzo GM May 2022"]
[Site "Budapest"]
[Date "2022.05.22"]
[Round "6.3"]
[White "Karavade, Eesha"]
[Black "Berczes, David"]
[Result "1/2-1/2"]
[ECO "E11"]
[WhiteElo "2348"]
[BlackElo "2437"]
[Annotator "TA"]
[PlyCount "73"]
[EventDate "2022.05.18"]
[EventType "tourn"]
[EventCountry "HUN"]
[SourceTitle "playchess.com"]
[Source "ChessBase"]
[SourceQuality "1"]
[TimeControl "5400+30"]

1. d4 Nf6 2. c4 e6 3. g3 Bb4+ 4. Bd2 a5 5. Bg2 d5 6. Nf3 O-O 7. O-O {[%emt 0:00:16] 7.Qc2 is the modern continuation.} dxc4 8. Qc2 b6 9. Bg5 {[%emt 0:33:23] E11: Bogo-Indian.} Bb7 10. Bxf6 Qxf6 {[%emt 0:03:39] [#]} 11. Ng5 $1 {[%emt 0:00:29] White is slightly better.} Qxg5 12. Bxb7 Ra7 {[%emt 0:00:22][%cal Ba8a7,Ba7c7,Bc7c5][%mdl 32] [#]} 13. Bf3 $146 ({Predecessor:} 13. Be4 Rd8 14. e3 Be7 15. Nc3 Qh5 16. Qa4 c5 17. d5 exd5 18. Nxd5 Qe5 19. Bf3 {1-0 (36) Hernandez,A (2243)-Morrell,G (2231) ICCF email 2015}) 13... b5 14. a4 (14. a3 $5 Be7 15. Nc3 $11) 14... bxa4 15. Qxc4 c5 16. dxc5 (16. Rxa4 Nd7 17. dxc5 Rc7 $15) 16... Rc7 17. Qb5 ({Don't play} 17. c6 Rfc8 18. Nc3 (18. h4 Qf6 $15) 18... Nxc6 19. Nxa4 Ne5 $15) 17... Nd7 18. Nc3 Qxc5 19. Qxa4 Nb6 20. Qb5 Bxc3 21. Qxc5 Rxc5 22. bxc3 Rd8 23. Rfb1 Rd6 24. Ra2 g6 25. e3 Nd7 26. Rba1 Ra6 27. h4 Kf8 28. Be2 Ra7 29. Rb1 (29. Ra3 $11 {remains equal.}) 29... Rxc3 $17 30. Bb5 Rb7 (30... Nf6 $17 31. Ba4 Rc5) 31. Rxa5 $11 {[%emt 0:01:03] The position is equal.} Rc5 32. Rd1 Nb8 33. Rb1 Nc6 34. Ra8+ Nb8 35. Ra5 ({Wrong is} 35. Bd3 $2 Rxb1+ 36. Bxb1 Rc1+ 37. Kg2 Rxb1 $19) 35... Kg7 36. Kg2 Rcc7 37. Bd3 {[%emt 0:00:23] Weighted Error Value: White=0.11 (very precise) /Black=0.07 (flawless)} 1/2-1/2

[Event "Vezerkepzo GM May 2022"]
[Site "Budapest"]
[Date "2022.05.22"]
[Round "6.4"]
[White "Mazur, Stefan"]
[Black "Dudin, Gleb"]
[Result "1/2-1/2"]
[ECO "B30"]
[WhiteElo "2423"]
[BlackElo "2473"]
[Annotator "TA"]
[PlyCount "78"]
[EventDate "2022.05.18"]
[EventType "tourn"]
[EventCountry "HUN"]
[SourceTitle "playchess.com"]
[Source "ChessBase"]
[SourceQuality "1"]
[TimeControl "5400+30"]

1. e4 c5 2. Nf3 Nc6 3. Nc3 e5 4. Bc4 Be7 5. d3 d6 6. a4 {[%emt 0:00:25] B30: Sicilian: 2...Nc6 3 Bb5, lines without ...g6.} Nf6 7. Bg5 Nd7 8. Bxe7 {[%emt 0:05:25] White is slightly better.} Qxe7 9. Nd5 Qd8 {[%emt 0:00:09] [#]} 10. Nd2 $146 ({Predecessor:} 10. c3 O-O 11. Nd2 Nf6 12. Nxf6+ Qxf6 13. Nf1 Qg5 14. Ne3 Kh8 15. h4 Qd8 16. g4 {½-½ (39) Short,N (2690)-Illescas Cordoba,M (2591) Sestao 2010}) 10... O-O 11. Nf1 Nf6 12. Nfe3 Nxd5 {[%emt 0:00:20] The position is equal.} 13. Bxd5 Ne7 14. O-O Nxd5 15. Nxd5 Be6 16. Ne3 b6 17. f4 exf4 18. Rxf4 d5 19. exd5 Bxd5 20. Nxd5 Qxd5 21. Qf3 Qd7 22. a5 Rae8 23. axb6 axb6 24. b4 g6 25. bxc5 bxc5 26. Qf2 Re5 27. Rc4 Rfe8 28. Rf1 Rf5 29. Rf4 Rxf4 30. Qxf4 $11 {[%emt 0:00:03][%mdl 4096] Endgame KQR-KQR} Re2 31. Rf2 Re1+ 32. Rf1 Qe7 33. h3 Re2 34. Rf2 Re1+ 35. Rf1 Kg7 36. Rxe1 Qxe1+ 37. Kh2 Qc3 38. Qf2 h5 39. h4 Qe5+ {[%emt 0:04:10] Weighted Error Value: White=0.04 (flawless) /Black=0.04 (flawless)} 1/2-1/2

[Event "Vezerkepzo GM May 2022"]
[Site "Budapest"]
[Date "2022.05.22"]
[Round "6.5"]
[White "Aveskulov, Valeriy"]
[Black "Fule, Simon"]
[Result "1-0"]
[ECO "C85"]
[WhiteElo "2531"]
[BlackElo "2297"]
[Annotator "TA"]
[PlyCount "109"]
[EventDate "2022.05.18"]
[EventType "tourn"]
[EventCountry "HUN"]
[SourceTitle "playchess.com"]
[Source "ChessBase"]
[SourceQuality "1"]
[TimeControl "5400+30"]

1. e4 e5 2. Nf3 Nc6 3. Bb5 a6 4. Ba4 Nf6 5. O-O Be7 6. Bxc6 dxc6 7. d3 Nd7 8. b3 f6 {[%emt 0:00:30] C85: Closed Ruy Lopez: Deferred Exchange Variation.} 9. Bb2 Nc5 10. Nh4 {[%emt 0:04:34] [#]} g6 $146 {[%emt 0:04:16] Against Qh5. The position is equal.} ({Predecessor:} 10... Be6 11. Nd2 Qd7 12. f4 exf4 13. Rxf4 g5 14. Rxf6 Bxf6 15. Bxf6 Rg8 16. Nhf3 Bg4 {1-0 (41) Godena,M (2425)-Ilincic,Z (2430) Aosta 1989}) 11. Nc3 Be6 12. f4 Qd6 13. fxe5 fxe5 14. Nf3 Nd7 15. Qe1 O-O-O 16. Nd1 c5 (16... Bg4 $11) 17. Ne3 Bf6 18. Qg3 Rhf8 19. Rae1 {[%emt 0:21:27] White is more active.} Rde8 20. Nc4 Bxc4 21. dxc4 Re6 22. Re2 Qe7 23. Bc1 Rd6 24. Qh3 b6 25. Ref2 Kb7 26. Ne1 Rd1 27. Bh6 Bg7 28. Nf3 Rxf1+ 29. Rxf1 Bxh6 30. Qxh6 Rf4 31. g3 Qf8 32. Qxf8 Rxf8 $11 {[%emt 0:00:06][%mdl 4096] Endgame KRN-KRN} 33. Kg2 Rf7 34. Rd1 Re7 35. Rd5 c6 36. Rd3 Nf6 37. Ng5 h6 {[%emt 0:00:57] White now steadily converts the win.} ({Better is} 37... b5 $14) 38. Rf3 $16 Nd7 (38... Ng4 $16) 39. Rf7 $18 Rxf7 40. Nxf7 {[%emt 0:00:04] KN-KN} h5 (40... Kc7 {is a better defense.} 41. Nxh6 Kd6) 41. Kh3 Nf6 42. Kh4 Nxe4 43. Nxe5 g5+ (43... b5 $142 44. Nxg6 bxc4 45. Kxh5 cxb3 46. cxb3 Kc7) 44. Kxh5 b5 45. Kg4 Kc7 46. h4 {[%emt 0:01:58] [#] Threatens to win with Kf5.} gxh4 47. gxh4 Kd6 48. Kf4 Nf6 49. Kf5 Nh5 50. Nd3 {[%emt 0:00:29] [#] And now Kg6 would win.} bxc4 51. bxc4 Ng3+ 52. Kf6 Ne4+ 53. Kg6 {[%emt 0:00:07] White mates.} Nd2 54. h5 Nxc4 55. h6 {[%emt 0:00:05] Weighted Error Value: White=0.14 (very precise) /Black=0.60} 1-0

[Event "Vezerkepzo GM May 2022"]
[Site "Budapest"]
[Date "2022.05.23"]
[Round "7.1"]
[White "Fule, Simon"]
[Black "Turzo, Attila"]
[Result "1-0"]
[ECO "B67"]
[WhiteElo "2297"]
[BlackElo "2338"]
[Annotator "TA"]
[PlyCount "117"]
[EventDate "2022.05.18"]
[EventType "tourn"]
[EventCountry "HUN"]
[SourceTitle "playchess.com"]
[Source "ChessBase"]
[SourceQuality "1"]
[TimeControl "5400+30"]

1. e4 c5 2. Nf3 Nc6 3. d4 cxd4 4. Nxd4 Nf6 5. Nc3 d6 6. Bg5 e6 7. Qd2 a6 8. O-O-O Bd7 9. f4 b5 10. Bxf6 gxf6 11. Nxc6 Bxc6 12. Qe3 {[%emt 0:00:19] 12.f5 is becoming the main line. B67: Sicilian: Richter-Rauzer: 7...a6 8 0-0-0 Bd7, lines without 9 f4 Be7.} Be7 13. Bd3 h5 14. Kb1 {[%emt 0:04:57] White is slightly better.} Qc7 15. f5 {[%emt 0:29:51] [#]} Bb7 $146 ({Predecessor:} 15... b4 16. Ne2 e5 17. Bc4 Ba4 18. Qd3 Bf8 19. Ng3 Qc5 20. Rhe1 Rc8 21. b3 Bc6 {1-0 (35) Krakops,M-Krogh,C (2280) Ringsted 1992}) 16. fxe6 fxe6 17. Ne2 Qc5 18. Qh3 Kf7 19. Nf4 Qe5 20. Rhf1 Rag8 21. Qe3 h4 22. Rde1 Bc8 23. c3 (23. Qa7 Qc5 24. Qxc5 dxc5 $15) 23... Rg5 24. Bc2 (24. Qa7 Qc5 25. Qb8 Bd8 $15) 24... Qc5 25. Qf3 Bd7 (25... a5 $1 $14 {might be stronger.}) 26. Bb3 $16 a5 27. Qh3 Qc8 {[%emt 0:00:13] aiming for ...a4.} 28. a3 $1 Bd8 $2 (28... a4 29. Ba2) (28... Rhg8 $16) 29. Rd1 $2 (29. g3 $1 $18) 29... Ke7 $2 (29... Be7 $16 {was worth a try.}) 30. Qf3 {[%emt 0:00:50][%cal Of4d5] Nd5+! is the strong threat.} Rh6 31. Rd2 (31. Qd3 $6 Bc7 $14) (31. g4 $18 hxg3 32. h4 (32. hxg3 a4 $14) (32. Qd3 g2 $15)) 31... Bb6 32. Rfd1 ({Don't take} 32. Qd3 $6 Qc5 $14) 32... Bc5 33. Ka1 (33. Ba2 $16 {Threatens to win with b4.} a4 34. Ka1) 33... b4 $1 $11 34. a4 bxc3 35. bxc3 ({Much weaker is} 35. Qxc3 Bb4 36. Qxc8 Bxc8 $15) 35... Qb8 (35... Qc7 $11) 36. Ka2 (36. Rb1 $5 Qc7 37. Bc4 $11) 36... Qb7 37. Rb2 {[%emt 0:00:50][%cal Ob3e6] Black must now prevent Bxe6! Dancing on a razor blade.} (37. Nd3 $5 Bb6 38. Nb2 $14) 37... Qc6 38. Nd3 Bb6 39. Nf4 Qc5 (39... Bc5 $11) 40. Rbd2 $14 Bc7 41. Nd3 (41. g4 $14) 41... Qc6 $11 (41... Qxc3 $2 42. Rc2 Qxc2+ 43. Bxc2 $18) 42. Nb2 Rc5 (42... Be8 $15 43. Rf1 Bf7) 43. Rc1 ({White should try} 43. Qf4 $14 Rch5 44. Nc4) 43... Rg6 (43... Be8 $11) 44. Nd3 $1 $14 Rcg5 (44... Rxc3 $2 45. Rxc3 (45. Ne5 Rxc1 46. Nxc6+ Rxc6 $16) 45... Qxc3 46. Rc2 $18) 45. Nf4 Rh6 46. Re1 Bb8 (46... Qc5 $11 {remains equal.}) 47. Nd5+ Kf7 $132 {[%emt 0:00:20][%mdl 2048] Black is not holding back} 48. Nf4 Rc5 (48... Ke7 $1 $11) 49. Ne2 Qc8 50. Rd3 Rc4 51. Rd4 Rxd4 52. cxd4 Ke7 {[%emt 0:00:21] [#]} (52... Kg7 $16) 53. Rc1 (53. Qg4 $1 $18 Qf8 54. Nf4) 53... Qg8 $16 54. Nf4 Qg5 {[%emt 0:00:16][%cal Od6d5] [#]} 55. Rf1 (55. Rc2 $1 $16 {[%cal Of4e6] And now Nxe6! would win.} Rh8 56. d5) 55... Ba7 (55... d5 $1 $11) 56. Qc3 {[%emt 0:00:50] Hoping for Qc7.} Qg8 ({Black should play} 56... Bb8 $1 $14) 57. Qc7 Qb8 58. Rc1 {[%emt 0:00:24] Strongly threatening Bxe6. 0x0.001df01cc8d1dp-1022s more active pieces.} Rh8 $2 (58... d5) 59. Ng6+ {[%emt 0:00:35] Weighted Error Value: White=0.27 (precise) /Black=0.32} 1-0

[Event "Vezerkepzo GM May 2022"]
[Site "Budapest"]
[Date "2022.05.23"]
[Round "7.4"]
[White "Tancsa, Tamas"]
[Black "Karavade, Eesha"]
[Result "1/2-1/2"]
[ECO "B49"]
[WhiteElo "2091"]
[BlackElo "2348"]
[Annotator "TA"]
[PlyCount "44"]
[EventDate "2022.05.18"]
[EventType "tourn"]
[EventCountry "HUN"]
[SourceTitle "playchess.com"]
[Source "ChessBase"]
[SourceQuality "1"]
[TimeControl "5400+30"]

1. e4 c5 2. Nf3 e6 3. d4 cxd4 4. Nxd4 Nc6 5. Nc3 Qc7 6. Be3 a6 7. a3 b5 8. Nxc6 Qxc6 9. Be2 Bb7 {[%emt 0:00:33] B49: Sicilian: Taimanov: 5 Nc3 Qc7 6 Be3 a6 7 Be2.} 10. O-O Rc8 11. Bf3 Qc7 {[%emt 0:03:42] The position is equal.} 12. Re1 Bd6 13. g3 Be5 14. Bd4 d6 15. Bg2 Nf6 16. Qd2 O-O {[%emt 0:03:20] [#]} 17. Rad1 $146 ({Predecessor:} 17. Re2 Qc4 18. Rd1 a5 19. f4 Bxd4+ 20. Qxd4 b4 21. axb4 axb4 22. Qxc4 Rxc4 23. Na2 Bxe4 24. Bxe4 Rxe4 25. Rxe4 Nxe4 26. Nxb4 {0-1 (62) Escalante Ramirez,B (2438)-Illescas Cordoba,M (2605) Barcelona 2018}) 17... Rfd8 18. Bxe5 dxe5 19. Qe3 h6 20. h3 Nd7 21. Bf1 Nb6 22. f3 Kf8 {[%emt 0:06:21] Weighted Error Value: White=0.13 (very precise) /Black=0.07 (flawless)} (22... Rd4 $5) 1/2-1/2

[Event "Vezerkepzo GM May 2022"]
[Site "Budapest"]
[Date "2022.05.23"]
[Round "7.5"]
[White "Pacher, Milan"]
[Black "Nagy, Gabor"]
[Result "1/2-1/2"]
[ECO "D00"]
[WhiteElo "2394"]
[BlackElo "2503"]
[Annotator "TA"]
[PlyCount "20"]
[EventDate "2022.05.18"]
[EventType "tourn"]
[EventCountry "HUN"]
[SourceTitle "playchess.com"]
[Source "ChessBase"]
[SourceQuality "1"]
[TimeControl "5400+30"]

1. d4 Nf6 2. Bf4 d5 3. e3 e6 4. Nd2 Bd6 5. Bg3 c5 6. c3 {[%emt 0:00:03] D00: 1 d4 d5: Unusual lines.} Qc7 7. Ngf3 Nbd7 8. Be2 O-O 9. O-O b6 10. a4 {[%emt 0:00:05] [#]} Bb7 $146 {[%emt 0:00:05] An uneventful encounter.  Weighted Error Value: White=0.13 (very precise) /Black=0.07 (flawless)} ({Predecessor:} 10... a6 11. Re1 Bb7 12. Qc2 Rac8 13. Rad1 Rfe8 14. Bd3 h6 15. Qb1 e5 16. dxe5 Nxe5 17. Nxe5 Bxe5 {1-0 (62) Sorokobjagin,S (2253)-Khegay,D (2528) Chess.com INT 2020}) 1/2-1/2